 Dungeon Crawl Stone Soup version 0.26-a0-812-g31a745ddcd (webtiles) character file.

Game seed: 16483781243238395217

92 marklar909 the Conjurer (level 4, -5/33 HPs)
             Began as a Draconian Conjurer on Nov 14, 2020.
             Was an Initiate of Vehumet.
             Slain by Crazy Yiuf
             ... wielding a +3 quarterstaff of chaos
              (6 damage)
             ... on level 3 of the Dungeon.
             The game lasted 00:03:22 (3210 turns).

marklar909 the Conjurer (Draconian Conjurer)        Turns: 3210, Time: 00:03:23

Health: -5/33      AC:  5    Str:  9    XL:     4   Next: 35%
Magic:  1/7        EV: 12    Int: 20    God:    Vehumet [......]
Gold:   107        SH:  0    Dex:  9    Spells: 4/7 levels left

rFire    . . .     SeeInvis .   l - +1 whip
rCold    . . .     Faith    .   (no shield)
rNeg     . . .     Spirit   .   (armour unavailable)
rPois    .         Reflect  .   (helmet restricted)
rElec    .         Harm     .   (no cloak)
rCorr    .         Rampage  .   (no gloves)
MR       .....                  (no boots)
Stlth    ++........             (no amulet)
HPRegen  0.11/turn              (no ring)
MPRegen  0.10/turn              (no ring)

@: about to teleport, lightly drained
A: unfitting armour, cold-blooded, AC +5
a: Renounce Religion


You were on level 3 of the Dungeon.
You worshipped Vehumet.
Vehumet was noncommittal.
You visited 1 branch of the dungeon, and saw 3 of its levels.

You collected 107 gold pieces.

Inventory:

Hand Weapons
 l - a +1 whip (weapon)
Jewellery
 n - an uncursed amulet of guardian spirit {unknown}
Scrolls
 a - 3 scrolls of identify
 b - a scroll of enchant weapon
 c - a scroll of remove curse
 e - a scroll of fear {unknown}
 j - a scroll of magic mapping
 m - a scroll of immolation {unknown}
 o - a scroll of blinking {unknown}
Potions
 f - 2 potions of flight
 g - a potion of mutation {unknown}
 h - a potion of curing
 i - a potion of heal wounds {unknown}
 k - a potion of ambrosia {unknown}


   Skills:
 + Level 0.1(0.0) Maces & Flails
 + Level 2.0(1.7) Dodging
 + Level 2.2(2.0) Stealth
 + Level 0.3(0.0) Unarmed Combat
 + Level 2.3(2.0) Spellcasting
 + Level 5.2(4.9) Conjurations


You had 4 spell levels left.
You knew the following spells:

 Your Spells              Type           Power        Failure   Level
a - Magic Dart            Conj           ###.         1%          1
b - Searing Ray           Conj           ###...       3%          2

Your spell library contained the following spells:

 Spells                   Type           Power        Failure   Level
 Dazzling Flash           Conj/Hex       ##....       17%         3
 Fulminant Prism          Conj/Hex       ##........   50%         4
 Iskenderun's Mystic Bla  Conj/Tloc      ##......     50%         4


Dungeon Overview and Level Annotations

Branches:
Dungeon (3/15)

Altars:
Cheibriados
Trog
Vehumet
Wu Jian
The Shining One

Annotations:
D:3 Crazy Yiuf


Innate Abilities, Weirdness & Mutations

Your plain brown scales are hard. (AC +5)
You cannot fit into any form of body armour.
You are cold-blooded and may be slowed by cold attacks.


Message History

Unknown command.
Crazy Yiuf says, "Scoff!
Spliff verde pizzabubble."
Crazy Yiuf barely misses you.
You see here a runed mace.
Crazy Yiuf hits you with a +3 quarterstaff of chaos.
* * * LOW HITPOINT WARNING * * *
You feel drained.
* * * LOW HITPOINT WARNING * * *
Crazy Yiuf screams, "Whippet!"
Okay, then.
It was a potion of curing.
You feel better.
Crazy Yiuf cries, "Proton noodlescoop bag!"
Crazy Yiuf misses you.
Crazy Yiuf hits you with a +3 quarterstaff of chaos!
* * * LOW HITPOINT WARNING * * *
Crazy Yiuf draws strength from your wounds!
As you read the scroll labelled VOYVUG CILUNAE, it crumbles to dust.
You feel strangely unstable.
It was a scroll of teleportation.
Crazy Yiuf hits you with a +3 quarterstaff of chaos.
You die...

#.#.######
... #.###
.........#
#'# #...#
#.#.####.#
♣♣.♣ #...#
....## #.#
♣.♣♣ #...#
.#...# #.#
♣♣.♣ #...#
...#.# #.#
♣)♣♣ #...#
#.##.###.#
♣♣.♣♣ ##.##
#......#.#
♣).g♣♣ #.#
###....#.#
♣...@♣ #.#
#....#.##
#....# #.#
###.......#
#....# ##.#
.........##
##...###.#.#
###.#.##.#
##......#.#
#.#.##.#
####.###.#
#.#.##.# #.#
#.###
#.#.##.#
####.# #...#
#.#.##.#
##.##<#
###.#


You could see Crazy Yiuf (fast).

Vanquished Creatures
  3 adders
  A dart slug (D:3)
  3 worms
  3 orcs (D:3)
  7 bats
  3 giant cockroaches
  7 goblins
  6 hobgoblins
  5 kobolds
  4 frilled lizards
  11 rats
53 creatures vanquished.

Notes
Turn   | Place    | Note
-------+----------+-------------------------------------------
     0 | D:1      | marklar909 the Draconian Conjurer began the quest for the
                  | Orb.
     0 | D:1      | Reached XP level 1. HP: 14/14 MP: 3/3
   263 | D:1      | Reached XP level 2. HP: 20/20 MP: 3/5
   876 | D:1      | Learned a level 2 spell: Searing Ray
  1250 | D:2      | Reached XP level 3. HP: 26/26 MP: 3/6
  1286 | D:2      | Found a radiant altar of Vehumet.
  1334 | D:2      | Found a snail-covered altar of Cheibriados.
  1613 | D:2      | Reached skill level 5 in Conjurations
  2129 | D:3      | Found a bloodstained altar of Trog.
  2133 | D:3      | Found a glowing golden altar of the Shining One.
  2133 | D:3      | Found an ornate altar of the Wu Jian Council.
  2215 | D:2      | Became a worshipper of Vehumet
  2280 | D:3      | Reached XP level 4. HP: 33/33 MP: 4/7
  3192 | D:3      | Found a runed translucent door.
  3193 | D:3      | Noticed Crazy Yiuf
  3209 | D:3      | HP: 1/33 [Crazy Yiuf/+3 quarterstaff of chaos (9)]
  3210 | D:3      | Slain by Crazy Yiuf

Illustrated notes

Levels and vault maps discovered:
D:1:      saegor_arrival_simple_b, layout_basic
D:2:      minmay_spotlight, layout_basic, cheibriados_altar_1, vehumet_crystals
D:3:      layout_loops_ring, grunt_temple_overflow_open, uniq_crazy_yiuf_cottage

Skill      XL: |  1  2  3  4 |
---------------+-------------+-----
Stealth        | 2 |  2.2
Conjurations   | 5 |  5.2
Dodging        | 2 |  2.0
Maces & Flails | |  0.1
Unarmed Combat | |  0.3
Spellcasting   | |  2.3

Action                   |  1- 3 |  4- 6 || total
-------------------------+-------+-------++-------
Melee: Unarmed           |    12 |       ||    12
       Tailslap          |     4 |       ||     4
       Whip              |    17 |       ||    17
 Cast: Magic Dart        |    34 |     1 ||    35
       Searing Ray       |    18 |    12 ||    30
  Use: Scroll            |     5 |     1 ||     6
       Potion            |       |     1 ||     1
Armor: Skin              |    13 |       ||    13
Dodge: Dodged            |    15 |     7 ||    22

Table legend: (Time is in decaauts)
 A = Elapsed time spent in this place.
 B = Non-inter-level travel time spent in this place.
 C = Inter-level travel time spent in this place.
 D = Time resting spent in this place.
 E = Time spent auto-exploring this place.
 F = Levels seen in this place.
 G = Mean time per level.
                   A        B        C        D        E       F      G
               +--------+--------+--------+--------+--------+-----+--------+
         Total |   3211 |   3057 |    154 |     49 |   2691 |   3 | 1070.3 |
       Dungeon |   3211 |   3057 |    154 |     49 |   2691 |   3 | 1070.3 |
               +--------+--------+--------+--------+--------+-----+--------+

Top non-repeatable levels by time:
     D:2: 1210 daAuts
     D:3: 1118 daAuts
     D:1: 883 daAuts
